 Dungeon Crawl Stone Soup version 0.18-a0-1120-g03bd624 (webtiles) character file.

187 gorblad the Covert (level 5, -5/38 HPs)
             Began as a Vampire Assassin on Jan 17, 2016.
             Slain by a gnoll (7 damage)
             ... on level 3 of the Dungeon.
             The game lasted 00:04:26 (2513 turns).

gorblad the Covert (Vampire Assassin)               Turns: 2513, Time: 00:04:27

Health: -5/38      AC:  3    Str: 10    XL:     5   Next: 39%
Magic:  5/5        EV:  7    Int: 13    God:
Gold:   115        SH:  0    Dex: 17    Spells: 0 memorised, 4 levels left

rFire  . . .     SeeInvis +     a - +3 dagger
rCold  + + .     Gourm    .     c - +0 robe
rNeg   + + +     Faith    .     (no shield)
rPois  +         Spirit   .     (no helmet)
rElec  .         Dismiss  .     d - +0 cloak
rCorr  .         Reflect  .     (no gloves)
SustAt .         Harm     .     (no boots)
MR     .....                    (no amulet)
Stlth  +++++.....               (no ring)
                                (no ring)

@: held, regenerating slowly, not resistant to hostile enchantments, quite
stealthy
A: fangs 3, see invisible, unbreathing
a: Bat Form


You were on level 3 of the Dungeon.
You were near bloodless.

You visited 1 branch of the dungeon, and saw 3 of its levels.

You collected 115 gold pieces.

Inventory:

Hand Weapons
 a - a +3 dagger (weapon)
 b - a +0 blowgun
Missiles
 e - 36 poisoned needles
 f - 2 curare-tipped needles
Armour
 c - a +0 robe (worn)
 d - a +0 cloak (worn)
Scrolls
 h - a scroll of teleportation {unknown}
 i - a scroll of enchant armour {unknown}
 j - a scroll of amnesia
Potions
 g - 29 potions of blood
 k - a potion of cancellation {unknown}


   Skills:
 - Level 1.7 Fighting
 - Level 2.1 Short Blades
 - Level 1.5 Throwing
 + Level 4.1 Dodging
 + Level 8.3 Stealth


You had 4 spell levels left.
You didn't know any spells.

Dungeon Overview and Level Annotations

Branches:
Dungeon (3/15)

Altars:
Fedhas
Kikubaaqudgha
Pakellas


Innate Abilities, Weirdness & Mutations

You heal slowly.
You have razor-sharp teeth.
You have supernaturally acute eyesight.
You can survive without breathing.


Message History

The gnoll throws a throwing net.
The throwing net closely misses you.
Found a stone staircase leading down.
You see here a throwing net.
The gnoll throws a throwing net.
The throwing net hits you.
You become entangled in the net!
You see here a throwing net.
You are held in a net!
You are held in a net!
You are held in a net!
You struggle against the net.
The gnoll hits you from afar with a spear!
You try to slip out of the net.
The gnoll hits you but does no damage. x2
The gnoll closely misses you. The gnoll hits you but does no damage.
You try to slip out of the net.
The gnoll hits you from afar with a spear!
* * * LOW HITPOINT WARNING * * *
The gnoll hits you from afar with a spear.
* * * LOW HITPOINT WARNING * * *
The gnoll hits you but does no damage. The gnoll hits you!
You die...

.......#
#..###'### .#
....#...#
##.#รท....#..##..
.#..#...#
#.#/....#.....#
#. ##..#
#.'.._..'.# #..
#.#.....#...$..
###.#.....# ...##
.>..###'###....#
.......(....# .!.
.....##@##### #.
###.....gg..#
#.....gg..#
#...........
#.........###
#.........#
###########


You could see 4 gnolls.

Vanquished Creatures
  4 gnolls (D:3)
  8 adders
  2 worms
  3 giant geckos
  3 orcs (D:3)
  2 giant cockroaches
  6 goblins
  4 hobgoblins
  6 jackals (D:3)
  A ball python (D:1)
  13 bats
  2 giant newts (D:2)
  9 kobolds
  4 rats
67 creatures vanquished.

Notes
Turn   | Place    | Note
--------------------------------------------------------------
     0 | D:1      | gorblad the Vampire Assassin began the quest for the Orb.
     0 | D:1      | Reached XP level 1. HP: 16/16 MP: 1/1
   154 | D:1      | Reached skill level 6 in Stealth
   222 | D:1      | Reached XP level 2. HP: 16/22 MP: 2/2
   863 | D:2      | Found an ancient bone altar of Kikubaaqudgha.
   915 | D:2      | Reached XP level 3. HP: 13/27 MP: 3/3
  1260 | D:2      | Found a blossoming altar of Fedhas.
  1371 | D:2      | Reached skill level 7 in Stealth
  1381 | D:2      | Reached XP level 4. HP: 22/33 MP: 4/4
  2391 | D:3      | Reached skill level 8 in Stealth
  2391 | D:3      | Reached XP level 5. HP: 27/38 MP: 5/5
  2477 | D:3      | Found an oddly glowing altar of Pakellas.
  2513 | D:3      | Slain by a gnoll

Vault maps used:
D:1:      dpeg_arrival_fog, roderic_curled_sauvastika
D:2:      fedhas_altar_3, marbit_many_paths
D:3:      zin_statuary, johnstein_pakellas_death_squad, uniq_jessica

Action                   |  1- 3 |  4- 6 || total
-------------------------+-------+-------++-------
Melee: Dagger            |   101 |    87 ||   188
  Use: Scroll            |     2 |     4 ||     6
 Stab: Sleeping          |     9 |    11 ||    20
       Distracted        |       |     1 ||     1
